 Dungeon Crawl Stone Soup version 0.25.0-9-g26727b657a (webtiles) character file.

Game seed: 17457551054584843728

54408 Delamore the Bludgeoner (level 14, -9/94 HPs)
             Began as a Gargoyle Fighter on June 18, 2020.
             Was the Champion of Okawaru.
             Killed from afar by a lindwurm (38 damage)
             ... with a blast of flame
             ... on level 6 of the Lair of Beasts.
             The game lasted 00:30:26 (20494 turns).

Delamore the Bludgeoner (Gargoyle Fighter)         Turns: 20494, Time: 00:30:27

Health: -9/94      AC: 28    Str: 27    XL:     14   Next: 72%
Magic:  14/14      EV:  9    Int: 10    God:    Okawaru [******]
Gold:   1151       SH: 13    Dex:  9    Spells: 13/13 levels left

rFire    . . .     SeeInvis .   U - +6 eveningstar (flame)
rCold    . . .     Gourm    .   c - +0 kite shield
rNeg     + . .     Faith    .   Z - +2 scale mail {MR+}
rPois    ∞         Spirit   .   x - +2 hat {MR+}
rElec    +         Reflect  .   (no cloak)
rCorr    .         Harm     .   X - +2 pair of gloves {Str+3}
MR       ++++.                  F - +1 pair of boots
Stlth    ..........             (no amulet)
HPRegen  0.25/turn              B - ring of protection from magic
MPRegen  0.14/turn              i - +4 ring of slaying

@: studying Fire Magic
A: big wings, negative energy resistance 1, electricity resistance, unbreathing,
petrification resistance, rot immunity, AC +10
a: Fly, Heroism, Finesse, Renounce Religion


You were on level 6 of the Lair of Beasts.
You worshipped Okawaru.
Okawaru was exalted by your worship.
You were hungry.

You visited 3 branches of the dungeon, and saw 18 of its levels.
You also visited: Bailey.

You collected 1236 gold pieces.
You spent 85 gold pieces at shops.

Inventory:

Hand Weapons
 a - a +0 flail
 y - a +1 whip of electrocution
 U - a +6 eveningstar of flaming (weapon)
Missiles
 P - 9 curare-tipped darts (quivered)
Armour
 c - a +0 kite shield (worn)
 x - a +2 hat of magic resistance (worn)
 F - a +1 pair of boots (worn)
 X - a +2 pair of gloves of strength (worn)
 Z - a +2 scale mail of magic resistance (worn)
Jewellery
 i - a +4 ring of slaying (right hand)
 B - a ring of protection from magic (left hand)
 V - a +6 ring of strength
Wands
 s - a wand of paralysis (31)
 w - a wand of flame (32)
 D - a wand of iceblast (18)
 G - a wand of random effects (62)
 J - a wand of digging (11)
 L - a wand of disintegration (17)
 M - a wand of acid (9)
 T - a wand of enslavement (16)
Scrolls
 e - 2 scrolls of enchant armour
 g - a scroll of fog
 l - a scroll of amnesia
 m - a scroll of vulnerability
 n - 2 scrolls of fear
 q - 7 scrolls of teleportation
 t - a scroll of summoning
 u - 5 scrolls of remove curse
 E - 2 scrolls of blinking
 K - a scroll of immolation
 W - 3 scrolls of identify
Potions
 b - 2 potions of heal wounds
 d - 4 potions of might
 h - 8 potions of curing
 k - 3 potions of lignification
 o - 2 potions of cancellation
 p - 5 potions of brilliance
 r - a potion of magic
 v - 3 potions of haste
 z - 2 potions of stabbing
 A - 2 potions of invisibility
 S - a potion of ambrosia
Books
 R - a manual of Fire Magic
Miscellaneous
 C - a box of beasts
 N - a phantom mirror
 O - a lightning rod (4/4)
Comestibles
 f - 37 rations


   Skills:
 + Level 13.5 Fighting
 - Level 16.1 Maces & Flails
 * Level 9.6 Armour
 + Level 13.5 Shields


You had 13 spell levels left.
You didn't know any spells.
Your spell library contained the following spells:

 Spells                   Type           Power        Failure   Level  Hunger
 Animate Skeleton         Necr           N/A          65%         1    ##.....
 Apportation              Tloc           #.....       65%         1    ##.....
 Beastly Appendage        Tmut           #.....       65%         1    ##.....
 Corona                   Hex            #......      65%         1    ##.....
 Foxfire                  Conj/Fire      #...         65%         1    ##.....
 Summon Butterflies       Summ           #.......     65%         1    ##.....
 Summon Small Mammal      Summ           #...         65%         1    ##.....
 Ensorcelled Hibernation  Hex/Ice        #.....       80%         2    ###....
 Sticks to Snakes         Tmut           #.......     80%         2    ###....
 Confusing Touch          Hex            #.......     95%         3    ####...
 Conjure Flame            Conj/Fire      #.......     95%         3    ####...
 Dazzling Flash           Conj/Hex       #.....       95%         3    ####...
 Inner Flame              Hex/Fire       #.......     95%         3    ####...
 Lesser Beckoning         Tloc           #.........   95%         3    ####...
 Spider Form              Tmut/Pois      #.........   95%         3    ####...
 Tukima's Dance           Hex            #.......     95%         3    ####...
 Ice Form                 Ice/Tmut       #.......     100%        4    #####..
 Sticky Flame             Conj/Fire      #.......     100%        4    #####..
 Alistair's Intoxication  Tmut/Pois      #.......     100%        5    ######.
 Blade Hands              Tmut           #.........   100%        5    ######.
 Fireball                 Conj/Fire      #.........   100%        5    ######.
 Invisibility             Hex            #.......     100%        6    #######


Dungeon Overview and Level Annotations

Branches:
Dungeon (11/15)            Temple (1/1) D:4            Lair (6/6) D:9
  Swamp (0/4) Lair:4       Spider (0/4) Lair:2        Slime (0/5) Lair:6
    Orc (0/2) D:9          Bailey (visited)

Altars:
Ashenzari
Cheibriados
Dithmenos
Elyvilon
Fedhas
Gozag
Hepliaklqana
Kikubaaqudgha
Makhleb
Nemelex Xobeh
Okawaru
Qazlal
Ru
Sif Muna
Trog
Uskayaw
Vehumet
Wu Jian
Xom
Yredelemnul
Zin
The Shining One

Shops:
D:11 *

Annotations:
D:9 exclusion: orange crystal statue
Lair:1 exclusion: oklob plant


Innate Abilities, Weirdness & Mutations

You are resistant to torment.
Your stone body is resilient. (AC +10)
You are immune to poison.
Your large and strong wings let you fly indefinitely.
You resist negative energy. (rN+)
You are resistant to electric shocks. (rElec)
You can survive without breathing.
You are immune to petrification.
You are immune to rotting.


Message History

You are too injured to fight recklessly!
The bush is no longer petrified.
You block the death yak's attack.
You hit the death yak. You burn the death yak.
The death yak is moderately wounded.
The fungus is no longer petrified.
You hit the death yak. You burn the death yak.
The death yak is heavily wounded.
You block the death yak's attack.
You impale the death yak!! You burn the death yak.
The death yak is severely wounded.
The death yak gores you.
You hit the death yak. You burn the death yak.
The death yak is severely wounded.
You impale the death yak!! You burn the death yak!
You kill the death yak!
Okawaru is honoured by your kill. The lindwurm breathes flames at you.
The blast of flame hits you!!!
You die...

### #.###
##..P#####
#.P......
#P.P..##
#..k†.#
##@#÷...#
##..#......#
##..##k....÷..
#...#.......8.
#...#....##...
#..P#..### ..8
#...#÷.. ..
##..# #..##


You could see a lindwurm (catching breath).

Vanquished Creatures
  Gastronok (D:11)
  Snorg (D:10)
  A yaktaur captain (D:10)
  Erolcha (D:11)
  7 hydras
  2 catoblepae (Lair:6)
  9 death yaks
  3 two-headed ogres
  The ghost of releu the Skirmisher, a novice TrNe of Kikubaaqudgha (D:10)
  Urug (Lair:4)
  Nergalle (D:10)
  Pikel (D:5)
  A lindwurm (Lair:4)
  A cyclops (D:11)
  4 oklob plants (Lair:2)
  Psyche (D:9)
  Maurice (D:8)
  2 black mambas
  A torpor snail (Lair:5)
  4 elephants (Lair:2)
  14 spiny frogs
  3 rime drakes (Lair:5)
  9 komodo dragons
  A yaktaur (D:10)
  An efreet (D:10)
  2 trolls
  A polar bear (Lair:6)
  A hornet (D:11)
  A tyrant leech (Lair:4)
  Prince Ribbit (D:8)
  5 dream sheep
  12 blink frogs
  4 hippogriffs
  A shadow (D:7)
  A redback (Lair:2)
  2 wraiths
  4 basilisks
  27 yaks
  2 wyverns
  2 hungry ghosts (D:10)
  Menkaure (D:5)
  15 water moccasins
  13 porcupines
  3 sky beasts
  5 ice beasts
  4 orc warriors
  3 phantoms
  2 black bears (D:9)
  A necrophage (D:10)
  3 ogres
  7 wolves
  14 crocodiles
  8 centaurs
  A gnoll sergeant (D:9)
  20 bullfrogs
  A water moccasin zombie (D:7)
  4 killer bees (D:10)
  3 scorpions
  9 wights
  2 vampire bats (D:6)
  2 howler monkeys
  An electric eel (Lair:5)
  4 crimson imps
  A centaur zombie (D:5)
  A bullfrog zombie (D:7)
  5 hounds
  18 jellies
  7 orc priests
  4 quasits
  2 bullfrog skeletons
  5 iguanas
  10 orc wizards
  7 worker ants
  3 hell rats (Lair:5)
  A killer bee zombie (D:7)
  A hound skeleton (D:6)
  A hound zombie (D:7)
  A worker ant zombie (D:5)
  9 gnolls
  12 adders
  5 river rats (Lair:5)
  2 shadow imps (D:9)
  An ooze (D:6)
  An adder skeleton (D:4)
  7 worms
  A dart slug (D:2)
  4 leopard geckos
  41 orcs
  2 bat skeletons (D:6)
  3 bat zombies (D:6)
  6 giant cockroaches
  11 goblins
  7 hobgoblins
  10 jackals
  9 quokkas
  A ball python (D:3)
  9 bats
  6 frilled lizards
  21 kobolds
  A leopard gecko skeleton (D:5)
  A quokka zombie (D:5)
  12 rats
  A fungus (D:9)
  3 plants
517 creatures vanquished.

Vanquished Creatures (others)
  An acid dragon (D:10)
  A crimson imp (D:5)
  An adder (D:9)
  A quokka (D:7)
  16 fungi
  42 plants
62 creatures vanquished.

Grand Total: 579 creatures vanquished

Notes
Turn   | Place    | Note
-------+----------+-------------------------------------------
     0 | D:1      | Delamore the Gargoyle Fighter began the quest for the Orb.
     0 | D:1      | Reached XP level 1. HP: 14/14 MP: 1/1
    77 | D:1      | Reached XP level 2. HP: 11/19 MP: 2/2
   331 | D:1      | Reached skill level 3 in Maces & Flails
   514 | D:1      | Reached XP level 3. HP: 22/23 MP: 3/3
   990 | D:2      | Reached skill level 4 in Maces & Flails
  1023 | D:2      | Reached XP level 4. HP: 25/28 MP: 4/4
  1104 | D:2      | Found a sparkling altar of Nemelex Xobeh.
  1209 | D:2      | Found a glowing silver altar of Zin.
  1209 | D:2      | Found an opulent altar of Gozag.
  1820 | D:3      | Found a basalt altar of Yredelemnul.
  1926 | D:3      | Reached skill level 5 in Maces & Flails
  1931 | D:3      | Reached XP level 5. HP: 32/32 MP: 5/5
  2739 | D:4      | Noticed a phantom
  2748 | D:4      | Killed a phantom
  2748 | D:4      | Reached skill level 6 in Maces & Flails
  2748 | D:4      | Reached XP level 6. HP: 33/37 MP: 6/6
  3070 | D:4      | Found a staircase to the Ecumenical Temple.
  3082 | D:4      | Reached skill level 7 in Maces & Flails
  3111 | Temple   | Entered the Ecumenical Temple
  3497 | D:4      | Reached XP level 7. HP: 41/41 MP: 7/7
  3912 | D:5      | Entered Level 5 of the Dungeon
  3959 | D:5      | Reached skill level 8 in Maces & Flails
  4137 | D:5      | Noticed Pikel
  4147 | D:5      | Noticed Menkaure
  4149 | D:5      | Killed Pikel
  4149 | D:5      | Reached skill level 10 in Maces & Flails
  4149 | D:5      | Reached XP level 8. HP: 41/46 MP: 8/8
  4157 | D:5      | Killed Menkaure
  4241 | D:5      | Found a stormy altar of Qazlal.
  4855 | D:5      | Reached skill level 11 in Maces & Flails
  4861 | D:5      | Reached XP level 9. HP: 39/51 MP: 9/9
  5424 | D:6      | Reached skill level 12 in Maces & Flails
  5764 | D:6      | Found an ancient bone altar of Kikubaaqudgha.
  5961 | D:6      | Found a shimmering altar of Xom.
  6487 | D:7      | Reached skill level 13 in Maces & Flails
  6527 | D:7      | Found a flagged portal.
  6554 | Bailey   | Entered a bailey
  6693 | D:7      | Found a white marble altar of Elyvilon.
  6865 | D:7      | Reached XP level 10. HP: 33/56 MP: 10/10
  7046 | D:7      | Found a burning altar of Makhleb.
  7435 | D:8      | Noticed Prince Ribbit
  7455 | D:8      | Killed Prince Ribbit
  7455 | D:8      | Reached skill level 14 in Maces & Flails
  7656 | D:8      | Noticed Maurice
  7668 | D:8      | Killed Maurice
  7734 | D:8      | Found a sacrificial altar of Ru.
  7958 | Temple   | Became a worshipper of Warmaster Okawaru
  8564 | D:9      | Found a staircase to the Lair.
  8588 | D:9      | Reached * piety under Okawaru
  8599 | D:9      | Reached skill level 15 in Maces & Flails
  8708 | D:9      | Found a bloodstained altar of Trog.
  8810 | D:9      | Found a radiant altar of Vehumet.
  9125 | D:9      | Found a staircase to the Orcish Mines.
  9264 | D:9      | Reached XP level 11. HP: 52/60 MP: 11/11
  9268 | D:9      | Reached ** piety under Okawaru
  9392 | D:9      | Found a basalt altar of Yredelemnul.
  9517 | D:9      | Noticed an orange crystal statue
  9642 | D:10     | Entered Level 10 of the Dungeon
  9647 | D:10     | Noticed Psyche
  9749 | D:9      | Killed Psyche
  9972 | D:10     | Noticed Nergalle
  9990 | D:10     | Killed Nergalle
  9990 | D:10     | Reached skill level 16 in Maces & Flails
 10328 | D:10     | Found a runed translucent gate.
 10328 | D:10     | Found a runed translucent gate.
 10328 | D:10     | Found a runed translucent gate.
 10329 | D:10     | Found an opulent altar of Gozag.
 10329 | D:10     | Noticed a yaktaur captain
 10333 | D:10     | Noticed releu's ghost (novice TrNe)
 10338 | D:10     | Reached *** piety under Okawaru
 10563 | D:10     | Found a shadowy altar of Dithmenos.
 10705 | D:10     | Noticed a two-headed ogre
 10729 | D:10     | Killed a two-headed ogre
 10729 | D:10     | Reached skill level 5 in Fighting
 10729 | D:10     | Reached skill level 5 in Shields
 10866 | D:11     | Reached **** piety under Okawaru
 11018 | D:11     | Noticed a cyclops
 11018 | D:11     | Noticed Snorg
 11033 | D:11     | Noticed Gastronok
 11033 | D:11     | Noticed a two-headed ogre
 11065 | D:11     | Noticed a two-headed ogre
 11066 | D:11     | Noticed Erolcha
 11076 | D:10     | Killed a two-headed ogre
 11132 | D:11     | Killed Erolcha
 11200 | D:10     | Killed Snorg
 11200 | D:10     | Reached ***** piety under Okawaru
 11315 | D:11     | Killed a cyclops
 11567 | D:11     | Killed Gastronok
 11567 | D:11     | Received a gift from Okawaru
 11567 | D:11     | Reached XP level 12. HP: 44/73 MP: 12/12
 11907 | D:11     | Found a glowing silver altar of Zin.
 11930 | D:11     | Found Taess's General Store.
 11935 | D:11     | Bought a potion of heal wounds for 85 gold pieces
 11974 | D:11     | Killed a two-headed ogre
 12082 | D:11     | Found a glowing golden altar of the Shining One.
 12375 | D:10     | Killed a yaktaur captain
 12397 | D:10     | Killed releu's ghost
 12563 | Lair:1   | Entered Level 1 of the Lair of Beasts
 13557 | Lair:1   | Reached skill level 10 in Fighting
 13557 | Lair:1   | Reached skill level 10 in Shields
 13688 | Lair:1   | Found an opulent altar of Gozag.
 14287 | Lair:1   | Reached XP level 13. HP: 59/83 MP: 13/13
 15015 | Lair:2   | Received a gift from Okawaru
 15563 | Lair:2   | Found a hole to the Spider Nest.
 16127 | Lair:2   | Reached ****** piety under Okawaru
 16778 | Lair:3   | Received a gift from Okawaru
 17408 | Lair:4   | Noticed Urug
 17431 | Lair:4   | Killed Urug
 17534 | Lair:4   | Reached skill level 5 in Armour
 17897 | Lair:4   | Gained mutation: Your large and strong wings let you fly
                  | indefinitely. [Gargoyle growth]
 17897 | Lair:4   | Reached XP level 14. HP: 66/92 MP: 14/14
 18489 | Lair:4   | Received a gift from Okawaru
 18653 | Lair:4   | Found a staircase to the Swamp.
 19743 | Lair:6   | Entered Level 6 of the Lair of Beasts
 20102 | Lair:6   | Found a staircase to the Slime Pits.
 20494 | Lair:6   | Killed from afar by a lindwurm

Illustrated notes

Levels and vault maps discovered:
D:1:      saegor_arrival_simple_e, layout_loops_cross, minmay_misc_feat_doors
D:2:      layout_loops_ring, grunt_temple_overflow_gold_and_silver,
          nemelex_xobeh_ov_fountains_minmay
D:3:      layout_rooms, nicolae_overflow_crystal_walls, first_ration,
          serial_co_window_serial, co_window_of_opportunity_a,
          co_window_paths_b, co_window_corner_a, co_window_of_opportunity_a,
          co_window_paths_b, co_window_paths_b, co_window_of_opportunity_a,
          co_window_corner_ca, co_window_of_opportunity_c, co_window_broadway_b,
          co_window_of_opportunity_c, co_window_paths_c, co_window_corner_b,
          glass_columns_c, glass_columns_a, glass_columns_c
D:4:      layout_cave_pods, minmay_temple_entry_offerings
D:5:      layout_basic, grunt_qazlal_clouds, uniq_menkaure, uniq_pikel
D:6:      layout_loops_ring, kennysheep_vampire_church, xom_butterflies
D:7:      layout_basic, elyvilon_altar_4, enter_bailey_3, basic_altar
D:8:      layout_loops_ring, nicolae_ru_sacrificial_ziggurat, grunt_pizzeria,
          abandoned_shop, uniq_prince_ribbit1, uniq_maurice
D:9:      layout_loops_ring, trog_ov_bears_minmay, fiery_altar_vehumet,
          due_lair_maze_entry_diamond, orc_0_dummy, basic_altar, minivault_15
D:10:     layout_gridville, ebering_ghost_gozag, serial_park_tiny_2,
          nicolae_dithmenos_the_darkroom, uniq_psyche, uniq_nergalle
D:11:     layout_cave_pools, serial_shops, kennysheep_little_box, basic_altar,
          roderic_roman_lattice, nicolae_tso_carved_into_rock, uniq_erolcha,
          uniq_gastronok, uniq_snorg
Temple:   minmay_temple_curvy_loop
Lair:1:   layout_long_grid, lemuel_oklob_altar
Lair:2:   minmay_lair_oklob_tunnel, layout_big_grid, spider_nest_entry_a,
          st_stairs_3
Lair:3:   layout_misc_corridors
Lair:4:   layout_gridlike, palyth_hydra_swamp_entry,
          hangedman_lair_generics_rect, uniq_urug
Lair:5:   layout_big_grid, kennysheep_abandoned_house,
          infiniplex_staircase_pool, serial_bayou_shore_b
Lair:6:   grunt_lair_end_beastmaster, layout_cellular_growth,
          minmay_slime_entry_jelly_boxes, lemuel_fruit_fields

Skill      XL: |  1  2  3  4  5  6  7  8  9 10 11 12 13 14 |
---------------+-------------------------------------------+-----
Maces & Flails | 3 4 5 6 7 10 11 13 15 16 | 16.1
Fighting       | 7 10 12 13 | 13.5
Shields        | 7 10 12 13 | 13.5
Armour         | 6 9 |  9.6

Action                   |  1- 3 |  4- 6 |  7- 9 | 10-12 | 13-15 || total
-------------------------+-------+-------+-------+-------+-------++-------
Melee: Flail             |   121 |   127 |    65 |       |       ||   313
       Whip              |       |       |   290 |   784 |    56 ||  1130
       Eveningstar       |       |       |       |       |   420 ||   420
Throw: Dart              |       |     4 |     5 |    17 |       ||    26
Invok: Heroism           |       |       |       |     2 |       ||     2
       Finesse           |       |       |       |     1 |       ||     1
Evoke: Wand              |       |       |       |       |     1 ||     1
  Use: Potion            |       |     2 |     2 |       |     1 ||     5
       Scroll            |       |       |     5 |     4 |    16 ||    25
 Stab: Petrified         |       |       |       |       |     3 ||     3
  Eat: Chunk             |     1 |     7 |     8 |    27 |    13 ||    56
       Ration            |       |       |     1 |       |     2 ||     3
Armor: Scale mail        |    89 |    85 |   139 |   186 |   116 ||   615
       Skin              |       |     5 |       |     4 |       ||     9
       Ring mail         |       |       |       |    50 |    74 ||   124
Dodge: Dodged            |    38 |    51 |    70 |   138 |   123 ||   420
Block: Kite shield       |    55 |    73 |   150 |   279 |   255 ||   812
